 Dungeon Crawl Stone Soup version 0.18.1-48-g4cf74bf (webtiles) character file.

28 Charly the Cudgeler (level 3, -3/36 HPs)
             Began as an Ogre Skald on Aug 25, 2016.
             Slain by a hound (6 damage)
             ... on level 2 of the Dungeon.
             The game lasted 00:06:19 (482 turns).

Charly the Cudgeler (Ogre Skald)                     Turns: 482, Time: 00:06:20

Health: -3/36      AC:  3    Str: 17    XL:     3   Next: 12%
Magic:  4/6        EV:  9    Int: 12    God:
Gold:   68         SH:  0    Dex:  9    Spells: 2 memorised, 3 levels left

rFire  . . .     SeeInvis .     a - +0 mace
rCold  . . .     Gourm    .     b - +0 robe
rNeg   . . .     Faith    .     (no shield)
rPois  .         Spirit   .     (helmet restricted)
rElec  .         Dismiss  .     (no cloak)
rCorr  .         Reflect  .     (gloves unavailable)
SustAt .         Harm     .     (boots unavailable)
MR     .....                    (no amulet)
Stlth  +.........               (no ring)
                                (no ring)

@: infused (expiring), very slightly contaminated, not resistant to hostile
enchantments, very unstealthy
A: unfitting armour, tough skin 1
a: no special abilities


You were on level 2 of the Dungeon.
You were not hungry.

You visited 1 branch of the dungeon, and saw 3 of its levels.

You collected 68 gold pieces.

Inventory:

Hand Weapons
 a - a +0 mace (weapon)
Armour
 b - a +0 robe (worn)
Scrolls
 f - 3 scrolls of teleportation {unknown}
 h - a scroll of identify {unknown}
 i - a scroll of magic mapping {unknown}
Potions
 e - a potion of degeneration {unknown}
 g - a potion of heal wounds {unknown}
Books
 c - a book of Battle

   Spells                             Type                      Level
   a - Infusion                       Charms                       1
   b - Shroud of Golubria             Charms/Translocation         2
   c - Song of Slaying                Charms                       2
   d - Spectral Weapon                Hexes/Charms                 3
   e - Regeneration                   Charms/Necromancy            3
Comestibles
 d - 3 bread rations
 j - a beef jerky


   Skills:
 - Level 2.6 Fighting
 - Level 4.5 Maces & Flails
 - Level 1.3 Dodging
 + Level 2.5 Spellcasting
 + Level 2.1 Charms
 + Level 0.1 Necromancy


You had 3 spell levels left.
You knew the following spells:

 Your Spells              Type           Power        Failure   Level  Hunger
i - Infusion              Chrm           #...         12%         1    #......
r - Regeneration          Chrm/Necr      #.........   56%         3    ###....


Dungeon Overview and Level Annotations

Branches:
Dungeon (3/15)

Altars:
Makhleb


Innate Abilities, Weirdness & Mutations

You are too large for most types of armour.
You have tough skin (AC +1).


Message History

* * * LOW HITPOINT WARNING * * *
The hound bites you.
* * * LOW HITPOINT WARNING * * *
You closely miss the hound.
The hound is severely wounded.
The hound closely misses you. The hound bites you.
* * * LOW HITPOINT WARNING * * *
Unknown command.
You miss the hound.
The hound is severely wounded.
The hound bites you but does no damage.
You barely miss the hound.
The hound is severely wounded.
The hound misses you. The hound bites you.
* * * LOW HITPOINT WARNING * * *
Unknown command.
You closely miss the hound.
The hound is severely wounded.
The hound bites you.
You die...

...# ##.....w.#
##...# #........
## #....#
+.......#
#.##....
#.......###......
#......##∩_.... #
#.....# #..h.#.#
#...# ##@..# #'#
#.#### #.# #.#
#.# #.# ####
##.## #.#
#...##.[.######.#
................#
.........########
.........#


You could see a hound.

Vanquished Creatures
  A worm (D:2)
  3 dart slugs (D:1)
  A giant gecko (D:2)
  A bat (D:2)
  A giant cockroach (D:1)
  2 hobgoblins
  2 jackals (D:1)
  4 kobolds
  2 rats (D:2)
17 creatures vanquished.

Notes
Turn   | Place    | Note
--------------------------------------------------------------
     0 | D:1      | Charly the Ogre Skald began the quest for the Orb.
     0 | D:1      | Reached XP level 1. HP: 22/22 MP: 3/3
    60 | D:1      | Reached skill level 3 in Maces & Flails
   135 | D:1      | Reached XP level 2. HP: 27/29 MP: 3/5
   177 | D:2      | Reached skill level 4 in Maces & Flails
   390 | D:1      | Reached XP level 3. HP: 18/36 MP: 2/6
   396 | D:1      | Learned a level 3 spell: Regeneration
   471 | D:2      | Found a burning altar of Makhleb.
   482 | D:2      | Slain by a hound

Skill      XL: |  1  2 |
---------------+-------+-----
Maces & Flails | 3 4 |  4.5
Fighting       | |  2.6
Dodging        | |  1.3
Spellcasting   | |  2.5
Charms         | |  2.1
Necromancy     | |  0.1

Action                   || total
-------------------------++-------
Melee: Mace              ||    56
 Cast: Infusion          ||    11
       Regeneration      ||     1
Armor: Robe              ||    15
Dodge: Dodged            ||    25
